Map: Tokamak LE

Players

Sharsnik - Winner!

  • Race: Zerg Zerg
  • League: Diamond
  • Spawn Location: 1:00

ManlyManMeat

  • Race: Zerg Zerg
  • League: Diamond
  • Spawn Location: 7:00

VOD

Have the link to the VOD?

Description

Time

  • Played on: July 10, 2025, 9:21 a.m.
  • Length: 9:42
Show
View Real Time Build Order
Export as new Build Order

Sharsnik Zerg - Winner!

Build Orders: Hatch First, Zergling Baneling 

Get SALT Encoding   

  12  0:00  Drone  
  13  0:12  Overlord  
  13  0:16  Drone  
  14  0:31  Drone x2  
  16  0:50  Hatchery  
  16  0:53  Drone  
  16  0:56  Drone  
  17  1:04  Drone  
  17  1:15  Spawning Pool  
  16  1:18  Extractor  
  16  1:20  Drone  
  16  1:29  Drone x2  
  18  1:39  Drone  
  19  1:49  Overlord  
  19  2:00  Drone  
  20  2:02  Queen  
  20  2:06  Queen  
  24  2:18  Metabolic Boost  
  24  2:36  Zergling x4  
  24  2:37  Zergling x4  
  27  2:40  Drone  
  27  2:41  Overlord  
  29  2:48  Drone  
  29  2:49  Drone  
  31  3:08  Hatchery  
  31  3:10  Zergling x4  
  32  3:13  Zergling x2  
  32  3:14  Zergling x4  
  33  3:27  Baneling Nest  
  32  3:53  Zergling x2  
  32  3:54  Zergling x14  
  39  3:58  Drone x2, Roach Warren  
  40  4:05  Drone  
  40  4:06  Drone, Extractor  
  41  4:21  Baneling x3  
  41  4:22  Baneling x3  
  41  4:30  Zergling x2  
  41  4:31  Zergling x8  
  43  4:41  Zergling x8  
  38  4:57  Zergling x2  
  38  4:58  Baneling  
  38  4:59  Baneling x5  
  37  5:00  Zergling x6  
  37  5:07  Queen  
  40  5:19  Drone x4  
  43  5:45  Lair  
  43  5:51  Drone  
  43  5:52  Drone x3  
  47  5:59  Overlord  
  47  6:03  Roach  
  49  6:04  Overlord  
  49  6:10  Zergling x2  
  50  6:11  Overlord  
  50  6:18  Roach x4  
  58  6:20  Overlord  
  58  6:30  Roach  
  58  6:31  Roach  
  58  6:32  Roach x2  
  64  6:34  Baneling x3  
  64  6:43  Glial Reconstitution  
  64  6:55  Drone  
  64  6:56  Drone x8  
  71  7:07  Zergling x2, Roach  
  71  7:08  Zergling x6  
  68  7:15  Zergling x2  
  68  7:18  Roach  
  68  7:19  Roach x2  
  75  7:26  Extractor, Roach x3  
  80  7:31  Roach  
  80  7:32  Overlord  
  80  7:34  Overlord  
  82  7:50  Overlord  
  78  8:03  Roach  
  78  8:04  Roach  
  77  8:08  Roach  
  77  8:09  Roach x7  
  91  8:17  Roach  
  91  8:18  Roach  
  89  8:22  Evolution Chamber  
  88  8:27  Zergling x2, Roach x2  
  88  8:28  Zergling x18  
  100  8:34  Extractor  
  90  9:02  Roach  
  90  9:03  Roach x8  
  99  9:17  Overlord x2  
  99  9:19  Roach  
  99  9:20  Roach x2  
Show
View Real Time Build Order
Export as new Build Order

ManlyManMeat Zerg 

Build Orders: Hatch First, Zergling Baneling 

Get SALT Encoding   

  12  0:00  Drone  
  13  0:08  Drone  
  14  0:15  Drone, Extractor  
  15  0:21  Overlord  
  15  0:40  Drone  
  16  0:48  Hatchery  
  15  0:50  Drone  
  15  0:54  Drone  
  17  0:58  Drone  
  18  1:08  Extractor  
  17  1:17  Spawning Pool  
  16  1:21  Drone  
  16  1:23  Drone  
  18  1:28  Drone  
  19  1:36  Drone  
  20  2:04  Queen x2  
  20  2:05  Zergling x4  
  20  2:06  Overlord  
  26  2:12  Drone  
  26  2:15  Metabolic Boost  
  28  2:22  Drone  
  28  2:25  Drone x2  
  30  2:35  Baneling Nest, Zergling x2  
  30  2:36  Zergling x2  
  31  2:53  Drone x2  
  33  3:01  Drone  
  34  3:11  Hatchery  
  32  3:20  Baneling x2  
  32  3:24  Drone  
  32  3:25  Drone, Overlord  
  32  3:26  Drone  
  35  3:35  Drone, Evolution Chamber  
  34  3:53  Zergling x6  
  36  3:56  Zergling x2  
  36  3:57  Zergling x2  
  38  4:04  Baneling x3  
  38  4:05  Zergling x2, Roach Warren  
  38  4:06  Zergling x4  
  38  4:07  Overlord  
  38  4:08  Drone  
  41  4:19  Extractor  
  40  4:30  Zergling x18  
  48  4:32  Baneling x2  
  48  4:33  Baneling x2  
  48  4:39  Zergling x4  
  48  4:40  Zergling x2  
  48  4:42  Spine Crawler  
  46  4:59  Drone x4  
  47  5:03  Roach  
  49  5:07  Baneling x2  
  49  5:08  Baneling  
  39  5:16  Baneling  
  39  5:17  Roach  
  39  5:18  Roach x2  
  47  5:35  Roach x2  
  47  5:37  Zergling x8  
  47  5:39  Overlord x2  
  47  5:42  Extractor  
  50  5:49  Overlord x2  
  50  5:51  Zergling x2  
  50  5:56  Overlord  
  51  5:59  Drone  
  51  6:00  Drone  
  53  6:06  Roach x3  
  59  6:15  Roach  
  59  6:18  Drone x3  
  64  6:30  Baneling x2  
  64  6:31  Baneling  
  62  6:34  Drone x3  
  62  6:36  Roach  
  62  6:38  Roach  
  62  6:39  Zergling x2  
  74  6:40  Zergling x10  
  74  6:47  Drone  
  70  7:11  Roach x9  
  88  7:18  Baneling x3  
  88  7:20  Zergling x2  
  89  7:30  Baneling x3  
  89  7:35  Roach  
  91  7:39  Drone  
  91  7:40  Overlord  
  86  8:06  Roach x5  
  86  8:07  Roach x2  
  83  8:26  Ravager  
  78  8:27  Ravager  
  78  8:28  Roach  
  81  8:34  Zergling x12  
  81  8:39  Hatchery  
  86  8:48  Roach x3  
  92  8:56  Roach  
  86  9:04  Roach x3  
  86  9:05  Roach x4  
  89  9:14  Roach x2  
  93  9:20  Ravager  
Tags
 
Add a new tag
Caveats
  • Supply blocks, unpowered buildings, or Contaminate may cause inaccurate times.
  • Supply counts are checked every 10 seconds.